 Dungeon Crawl Stone Soup version 0.29-a0-1-gf2d273c862 (console) character file.

Game seed: 797543776378530263

161 Colgate the Insei (level 5, -4/37 HPs)
             Began as a Djinni Transmuter on Jan 26, 2022.
             Slain by an ogre (23 damage)
             ... on level 4 of the Dungeon.
             The game lasted 00:18:53 (4324 turns).

Colgate the Insei (Djinni Transmuter)               Turns: 4324, Time: 00:18:53

Health: -4/37      AC:  2    Str:  9    XL:     5   Next: 70%
Gold:   72         EV: 12    Int: 16    God:
                   SH:  0    Dex: 14

rFire   + + .      SeeInvis .     - Unarmed
rCold   x . .      Faith    .   (no shield)
rNeg    . . .      Spirit   .   a - +0 robe
rPois   ∞          Reflect  .   (helmet currently unavailable)
rElec   .          Harm     .   p - scarf {shadows}
rCorr   .          Rampage  .   (no gloves)
Will    .....                   (boots unavailable)
Stlth   +.........              n - amulet of regeneration
HPRegen 0.92/turn               (no ring)
MPRegen 0.00/turn               (no ring)

@: appendages (expiring), flying
A: horns 2, flying, sickness immunity, fire resistance 2, cold vulnerability 1,
float, innate caster, hp casting, extra vitality 1
a: End Transformation


You were on level 4 of the Dungeon.
You had temporarily grown beastly horns.
You visited 1 branch of the dungeon, and saw 4 of its levels.

You collected 100 gold pieces.
You spent 28 gold pieces at shops.

Inventory:

Missiles
 e - 128 stones
 k - 7 poisoned darts
 m - 2 throwing nets
Armour
 a - a +0 robe (worn)
 p - a scarf of shadows (worn)
 q - a +0 helmet (melded)
 r - a +0 ring mail
Magical Staves
 c - a staff of conjuration
Jewellery
 h - an amulet of reflection
 n - an amulet of regeneration (around neck)
Scrolls
 b - a scroll of enchant armour {unknown}
 d - 2 scrolls of fear
 g - a scroll of vulnerability
 l - a scroll of summoning {unknown}
Potions
 i - a potion of haste
 j - 2 potions of curing


   Skills:
 - Level 1.0 Fighting
 - Level 2.1 Dodging
 + Level 5.9 Unarmed Combat
 - Level 1.5 Spellcasting


You couldn't memorise any spells.
You knew the following spells:

 Your Spells              Type           Power      Damage    Failure   Level
a - Beastly Appendage     Tmut           12%        N/A       12%         1
b - Wereblood             Tmut           6%         N/A       17%         2
c - Spider Form           Tmut/Pois      6%         N/A       34%         3
d - Ice Form              Ice/Tmut       6%         N/A       75%         4
e - Pain                  Necr           24%        1d5       12%         1
f - Scorch                Fire           12%        2d5       17%         2
Your spell library was empty.

Dungeon Overview and Level Annotations

Branches:
Dungeon (4/15)
 Temple: D:4-7

Altars:

Shops:
D:4 ?


Innate Abilities, Weirdness & Mutations

You have temporarily grown beastly horns.
You are flying.
You are immune to sickness and miasma.
You are immune to poison.
Your flesh is very heat resistant. (rF++)
You are vulnerable to cold. (rC-)
You float through the air rather than walking.
You learn spells naturally, not from books.
Your magical power is your life essence.
You have superior vitality. (+4 MHP)


Message History

Your transformation is almost over.
Your horns disappear.
Your +0 helmet unmelds from your body.
Found Uteblil's Magic Scroll Shop.
There is an entrance to Uteblil's Magic Scroll Shop here.
f - 2 scrolls of identify (gained 1) Thank you for shopping at Uteblil's Magic Scroll Shop!
As you read the scroll of identify, it crumbles to dust.
j - 2 potions of curing
As you read the scroll of identify, it crumbles to dust.
i - a potion of haste
Okay, then.
Found an escape hatch in the floor.
You drop a scroll of amnesia.
Found 3 datura-tipped darts.
You see here a hobgoblin skeleton.
An ogre comes into view. It is wielding a +0 giant spiked club.
The ogre shouts!
Casting: Beastly Appendage (safe; 12% risk of failure)
Confirm with . or Enter, or press ? or * to list all spells.
You grow a pair of large bovine horns.
Your +0 helmet melds into your body.
Your transformation is almost over.
The ogre writhes in agony.
Casting: Pain (safe; 12% risk of failure)
Confirm with . or Enter, or press ? or * to list all spells.
Flames lash the ogre.
The ogre is moderately wounded.
The ogre's fire resistance burns away.
Casting: Scorch (safe; 17% risk of failure)
Confirm with . or Enter, or press ? or * to list all spells.
Flames lash the ogre.
The ogre is burned terribly!
The ogre is severely wounded.
You hit the ogre but do no damage. You headbutt the ogre.
The ogre is almost dead.
The ogre hits you with a +0 giant spiked club!
You hit the ogre.
The ogre is almost dead.
The ogre hits you with a +0 giant spiked club!!
Ouch! That really hurt!
You die...

##'######## #.#
#.....÷...# #.#
.....####.# #.#
.....'..#.# #.#
.....##.#.# #.#
....<##.#.#####.#
.....##.#.......#
.....##.#######.###
##.####...........#
##...############.#
##...# .....O@.#
##...# #########
##...# ##.### ...#
##.# ##.# ##.# ##.#
.#.#######
.#.##....#


You could see an ogre (combustible).

Vanquished Creatures
  Robin (D:3)
  8 adders
  A worm (D:4)
  4 dart slugs
  A bat (D:1)
  5 endoplasms
  A giant cockroach (D:1)
  20 goblins
  9 hobgoblins
  4 quokkas
  A ball python (D:1)
  2 frilled lizards
  6 kobolds
  2 rats (D:3)
65 creatures vanquished.

Notes
Turn   | Place    | Note
-------+----------+-------------------------------------------
     0 | D:1      | Colgate the Djinni Transmuter began the quest for the Orb.
     0 | D:1      | Reached XP level 1. HP: 17/17 MP: 0/0
   368 | D:1      | Reached XP level 2. HP: 18/22 MP: 0/0
  1483 | D:1      | Reached skill level 4 in Unarmed Combat
  1483 | D:1      | Reached XP level 3. HP: 27/27 MP: 0/0
  1483 | D:1      | Learned a level 1 spell: Pain
  2038 | D:2      | Reached XP level 4. HP: 21/32 MP: 0/0
  2409 | D:2      | Reached skill level 5 in Unarmed Combat
  3344 | D:3      | Reached XP level 5. HP: 36/37 MP: 0/0
  3344 | D:3      | Learned a level 2 spell: Scorch
  3363 | D:3      | Noticed Robin
  3375 | D:3      | Killed Robin
  4243 | D:4      | Found Uteblil's Magic Scroll Shop.
  4250 | D:4      | Bought a scroll of identify for 28 gold pieces
  4318 | D:4      | Noticed an ogre
  4324 | D:4      | Slain by an ogre

Illustrated notes

Levels and vault maps discovered:
D:1:      dpeg_arrival_simpleton_c, layout_basic, serial_park_tiny_1,
          corner_web_ring, minmay_surrounded
D:2:      layout_basic, serial_curves, eino_curves_03, eino_curves_02,
          eino_curves_04
D:3:      layout_basic, minmay_misc_feat_four_crosses, uniq_robin
D:4:      layout_basic, serial_shops, shop, shop

Skill      XL: |  1  2  3  4 |
---------------+-------------+-----
Unarmed Combat | 4 5 |  5.9
Fighting       | |  1.0
Dodging        | |  2.1
Spellcasting   | |  1.5

Action                   |  1- 3 |  4- 6 || total
-------------------------+-------+-------++-------
Melee: Unarmed           |    77 |    55 ||   132
       Headbutt          |    14 |     7 ||    21
       Punch             |     2 |       ||     2
 Cast: Beastly Appendage |    28 |    34 ||    62
       Pain              |     3 |    54 ||    57
       Wereblood         |       |     3 ||     3
       Scorch            |       |    11 ||    11
  Use: Scroll            |       |     6 ||     6
 Stab: Sleeping          |     1 |     2 ||     3
Armor: Robe              |     9 |     6 ||    15
Dodge: Dodged            |    32 |    22 ||    54

Table legend: (Time is in decaauts)
 A = Elapsed time spent in this place.
 B = Non-inter-level travel time spent in this place.
 C = Inter-level travel time spent in this place.
 D = Time resting spent in this place.
 E = Time spent auto-exploring this place.
 F = Levels seen in this place.
 G = Mean time per level.
                   A        B        C        D        E       F      G
               +--------+--------+--------+--------+--------+-----+--------+
         Total |   4312 |   4224 |     88 |     10 |   3607 |   4 | 1078.0 |
       Dungeon |   4312 |   4224 |     88 |     10 |   3607 |   4 | 1078.0 |
               +--------+--------+--------+--------+--------+-----+--------+

Top non-repeatable levels by time:
     D:1: 1781 daAuts
     D:2: 1325 daAuts
     D:3: 673 daAuts
     D:4: 531 daAuts
